 Dungeon Crawl Stone Soup version 0.32-a0-612-g1c984fe9d1 (webtiles) character file.

Game seed: 12347243684509247642

260 dolemite99 the Apothecary (level 6, 0/61 HPs)
             Began as a Coglin Alchemist on Mar 5, 2024.
             Was a Follower of Okawaru.
             Succumbed to an orc's poison
             ... on level 4 of the Dungeon.
             The game lasted 00:07:25 (8095 turns).

dolemite99 the Apothecary (Coglin Alchemist)        Turns: 8095, Time: 00:07:26

Health: 0/61       AC: 23    Str:  8    XL:     6   Next: 17%
Magic:  3/8        EV:  2    Int: 16    God:    Okawaru [*.....]
Gold:   120        SH:  0    Dex: 15    Spells: 5/8 levels left

rFire   . . .        j - +0 sling {Somchai}
rCold   . . .        p - +2 dagger (drain) {Byeongho}
rNeg    . . .        a - melded +0 robe
rPois   +            (helmet currently unavailable)
rElec   .            (cloak currently unavailable)
rCorr   .            (gloves currently unavailable)
SInv    .            l - melded +2 pair of boots
Will    .....        (no amulet)
Stlth   ++           (no ring)
HPRegen 0.30/turn    (no ring)
MPRegen 0.11/turn    (no gizmo)

%: no passive effects
@: lethally poisoned (0 -> -8), tree-form, very slightly contaminated,
invisible, revved
A: stationary, stasis, torment immunity, boosted hp, off-hand wielding, slow
wielding, warmup strikes, (no jewellery)
a: Invent Gizmo, Renounce Religion, Heroism


You were on level 4 of the Dungeon.
You worshipped Okawaru.
Okawaru was aware of your devotion.
You were a tree.
You visited 1 branch of the dungeon, and saw 4 of its levels.

You collected 120 gold pieces.

Inventory:

Hand Weapons
 b - a +0 dagger
 f - a +0 club
 g - a +0 hand axe
 i - a +0 club
 j - a +0 sling (weapon) {Somchai}
 p - a +2 dagger of draining (offhand) {Byeongho}
 s - a +0 falchion
Missiles
 q - 6 poisoned darts
Armour
 a - a +0 robe (melded)
 l - a +2 pair of boots (melded)
Wands
 n - a wand of charming (7)
Scrolls
 c - 2 scrolls of vulnerability
 e - a scroll of blinking
 h - a scroll of revelation
 k - a scroll of enchant armour
 o - a scroll of teleportation
 t - a scroll of fear {unknown}
Potions
 r - a potion of enlightenment


   Skills:
 - Level 1.7 Dodging
 - Level 1.5 Stealth
 - Level 1.7 Spellcasting
 - Level 3.6 Conjurations
 + Level 5.8 Alchemy


You had 5 spell levels left.
You knew the following spells:

 Your Spells              Type           Power      Damage    Failure   Level
a - Sting                 Conj/Alch      64%        1d7       3%          1
b - Mercury Vapours       Alch/Air       20%        N/A       10%         2

Your spell library contained the following spells:

 Spells                   Type           Power      Damage    Failure   Level
 Mephitic Cloud           Conj/Alch/Air  11%        N/A       17%         3
 Olgreb's Toxic Radiance  Alch           20%        N/A       19%         4
 Hailstorm                Conj/Ice       7%         3d5       30%         3
 Sigil of Binding         Hex            1%         N/A       54%         3
 Sticky Flame             Fire/Alch      10%        2d5       54%         4
 Dimensional Bullseye     Hex/Tloc       0%         N/A       91%         4
 Call Canine Familiar     Summ           Unusable   N/A       N/A         3
 Summon Ice Beast         Ice/Summ       Unusable   N/A       N/A         3
 Sculpt Simulacrum        Ice/Alch       Unusable   N/A       N/A         6

Dungeon Overview and Level Annotations

Branches:
Dungeon (4/15)
 Temple: D:4-7

Altars:
Okawaru

Shops:
D:4 (


Innate Abilities, Weirdness & Mutations

You are a tree.
Your roots penetrate the ground, keeping you stationary.
You cannot be teleported.
You are immune to unholy pain and torment.
Your maximum health is greatly increased.
Your equipment is partially melded.
You can wield a second weapon in your off-hand.
It takes a long time for you to wield or remove held weapons.
Your first few attacks do less damage.
((You cannot equip rings or amulets.))


Message History

Nothing appears to happen.
You feel sick.
The orc hits you with a +0 quarterstaff.
* * * LOW HITPOINT WARNING * * *
The orc barely misses you.
Casting: Mercury Vapours (safe; 10% risk of failure)
Confirm with . or Enter, or press ? or * to list all spells.
Aiming: Mercury Vapours (safe; 10% risk of failure)
Press: ? - help, Dir - move target, f/p - orc
Aim: an orc, wielding a +0 quarterstaff and wearing a +0 leather armour (chance to weaken: 100%) Fumes of mercury billow around the orc!
The orc is poisoned.
The orc looks weaker.
You feel your attacks grow feeble.
The orc looks weaker.
* * * LOW HITPOINT WARNING * * *
You feel sick. The orc barely misses you. The orc hits you but does no damage.
It was a potion of lignification.
You turn into a tree.
Your +2 pair of boots melds into your body.
Your +0 robe melds into your body.
Your roots penetrate the ground.
You feel sick. The orc hits you but does no damage. x2
It was a potion of invisibility.
You fade into invisibility!
You feel sick. The orc hits you but does no damage. The orc barely misses you.
You shoot a sling bullet.
The sling bullet closely misses the orc.
You feel sick. The orc hits you but does no damage. x2
You are lethally poisoned!
You shoot a sling bullet.
The sling bullet closely misses the orc.
Your attacks no longer feel as feeble.
* * * LOW HITPOINT WARNING * * *
You feel very sick. The orc completely misses you.
The orc hits you but does no damage. x2
Casting: Mercury Vapours (safe; 10% risk of failure)
Confirm with . or Enter, or press ? or * to list all spells.
Aiming: Sting (safe; 3% risk of failure)
Press: ? - help, Shift-Dir - straight line, f/p - orc
Aim: an orc, wielding a +1 whip of venom (unable to see you, weak, 74% to hit)
The sting hits the orc.
The orc is poisoned.
The orc is moderately wounded.
You die...

...#............... #.#
..###..#....... ..###..#
#.÷...###.....###.....## .
.......#..###..#...)...#..
.........†.#............o.
#.....#.........#...%.#<.
##...##........)##...##
#.....#.........#o....##
...........#...$♣o......# .#
.......#..###..#.......##
..#
#.....###.....###.....####..
..###..#.......#..###..#....
...#...............#.....#
........#.....#.........#
........##...##.....÷...#
........#.....#.........##
...#...............#.....#


You could see 2 orcs.

Vanquished Creatures
  A sleepcap (D:3)
  Jessica (D:3)
  Ijyb (D:2)
  Terence (D:3)
  Robin (D:3)
  4 adders
  2 ribbon worms
  3 dart slugs
  3 orcs (D:4)
  8 ball pythons
  7 endoplasms
  8 giant cockroaches
  19 goblins
  10 hobgoblins
  7 kobolds
  7 bats
  5 frilled lizards
  3 rats
91 creatures vanquished.

Notes
Turn   | Place    | Note
-------+----------+-------------------------------------------
     0 | D:1      | dolemite99 the Coglin Alchemist began the quest for the
                  | Orb.
     0 | D:1      | Reached XP level 1. HP: 13/13 MP: 3/3
    26 | D:1      | Reached skill level 1 in Conjurations
   556 | D:1      | Reached XP level 2. HP: 19/19 MP: 0/4
  2109 | D:1      | Reached XP level 3. HP: 24/24 MP: 2/5
  3629 | D:2      | Reached XP level 4. HP: 27/30 MP: 0/6
  4394 | D:3      | Noticed Ijyb
  4405 | D:2      | Killed Ijyb
  5050 | D:3      | Reached skill level 4 in Alchemy
  5308 | D:3      | Learned a level 2 spell: Mercury Vapours
  5318 | D:3      | Reached XP level 5. HP: 35/35 MP: 7/7
  5394 | D:3      | Noticed Robin
  5450 | D:3      | Killed Robin
  5694 | D:3      | Found a faded altar of an unknown god.
  5766 | D:3      | Noticed Jessica
  5773 | D:3      | Killed Jessica
  6226 | D:3      | Prayed at the altar of an unknown god.
  6226 | D:3      | Became a worshipper of Warmaster Okawaru
  6226 | D:3      | Reached * piety under Okawaru
  6431 | D:3      | Noticed Terence
  6457 | D:3      | Killed Terence
  6458 | D:3      | Reached skill level 5 in Alchemy
  7129 | D:3      | HP: 1/35 [sleepcap (13)]
  7147 | D:3      | Reached XP level 6. HP: 27/41 MP: 1/8
  7970 | D:4      | Found Ysseimm's Weapon Boutique.
  8094 | D:4      | HP: 2/61 [poisoned by an orc]
  8095 | D:4      | Succumbed to an orc's poison

Illustrated notes

Levels and vault maps discovered:
D:1:      giann_forest_graveyard, layout_loops_ring, hangedman_decor_peaks_small
D:2:      layout_basic, kennysheep_another_room, minmay_goblin_outpost
D:3:      layout_basic, shapermc_ecumenical_altar_gd, minmay_statues_item,
          uniq_ijyb, uniq_jessica, uniq_terence, uniq_robin
D:4:      nicolae_cairo_tiling_large_dashed, layout_loops_ring,
          lightli_sewer_entry_pipes, serial_shops, shop

Skill      XL: |  1  2  3  4  5 |
---------------+----------------+-----
Conjurations   | 1 2 3 |  3.6
Alchemy        | 4 5 |  5.8
Dodging        | |  1.7
Stealth        | |  1.5
Spellcasting   | |  1.7

Action                     |  1- 3 |  4- 6 || total
---------------------------+-------+-------++-------
  Melee: Unarmed           |     1 |       ||     1
   Fire: Sling             |    13 |    97 ||   110
   Cast: Sting             |    66 |    91 ||   157
         Mercury Vapours   |       |    14 ||    14
    Use: Potion            |       |     7 ||     7
         Scroll            |       |     7 ||     7
 Armour: Robe              |    25 |   105 ||   130
         Skin              |       |     6 ||     6
  Dodge: Dodged            |    46 |   115 ||   161

Table legend: (Time is in decaauts)
 A = Elapsed time spent in this place.
 B = Non-inter-level travel time spent in this place.
 C = Inter-level travel time spent in this place.
 D = Time resting spent in this place.
 E = Time spent auto-exploring this place.
 F = Levels seen in this place.
 G = Mean time per level.
                   A        B        C        D        E       F      G
               +--------+--------+--------+--------+--------+-----+--------+
         Total |   8140 |   8082 |     58 |   4661 |   2328 |   4 | 2035.0 |
       Dungeon |   8140 |   8082 |     58 |   4661 |   2328 |   4 | 2035.0 |
               +--------+--------+--------+--------+--------+-----+--------+

Top non-repeatable levels by time:
     D:3: 2702 daAuts
     D:2: 2471 daAuts
     D:1: 2344 daAuts
     D:4: 621 daAuts
